 Dungeon Crawl Stone Soup version 0.22-a0-283-g1871b15 (webtiles) character file.

24 4thArraOfDagon the Slasher (level 3, 0/27 HPs)
             Began as a Formicid Warper on Mar 18, 2018.
             Slain by an adder (3 damage)
             ... on level 4 of the Dungeon.
             The game lasted 00:01:52 (327 turns).

4thArraOfDagon the Slasher (Formicid Warper)         Turns: 327, Time: 00:01:53

Health: 0/27       AC:  3    Str: 20    XL:     3   Next: 15%
Magic:  6/6        EV: 11    Int: 13    God:
Gold:   8          SH:  0    Dex: 10    Spells: 6/6 levels left

rFire    . . .     SeeInvis +   a - +0 falchion
rCold    . . .     Gourm    .   (no shield)
rNeg     . . .     Faith    .   b - +0 leather armour
rPois    .         Spirit   .   (helmet unavailable)
rElec    .         Reflect  .   (no cloak)
rCorr    .         Harm     .   (no gloves)
MR       .....                  (no boots)
Stlth    +.........             (no amulet)
HPRegen  0.09/turn              (no ring)
MPRegen  0.10/turn              (no ring)

@: mighty
A: permanent stasis, dig shafts and tunnels, four strong arms, antennae 3
a: Dig, Shaft Self


You were on level 4 of the Dungeon.
You were not hungry.

You visited 1 branch of the dungeon, and saw 3 of its levels.

You collected 8 gold pieces.

Inventory:

Hand Weapons
 a - a +0 falchion (weapon)
Missiles
 e - 5 tomahawks of dispersal (quivered)
Armour
 b - a +0 leather armour (worn)
Scrolls
 c - a scroll of amnesia {unknown}
 d - a scroll of blinking
 g - 2 scrolls of identify {unknown}
 h - 2 scrolls of enchant weapon {unknown}
 i - a scroll of noise {unknown}
 k - a scroll of enchant armour {unknown}
Comestibles
 f - a ration


   Skills:
 - Level 2.1 Fighting
 * Level 3.4 Long Blades
 - Level 1.0 Throwing
 - Level 1.1 Armour
 - Level 1.7 Dodging
 - Level 2.1 Spellcasting
   Level 2.6 Translocations


You had 6 spell levels left.
You didn't know any spells.

Dungeon Overview and Level Annotations

Branches:
Dungeon (2/15)

Altars:


Innate Abilities, Weirdness & Mutations

You cannot be hasted, slowed, berserked, paralysed or teleported.
You can dig through walls and to a lower floor.
Your four strong arms can wield two-handed weapons with a shield.
You have a pair of large antennae on your head. (SInv)


Message History

The kobold hits you with a short sword.
Unknown command.
Are you sure you want to shaft yourself?
Are you sure you want to shaft yourself?
Are you sure you want to shaft yourself?
You feel somewhat more hungry. The goblin closely misses you.
The kobold barely misses you.
You begin to dig a shaft.
You continue digging a shaft.
The goblin hits you but does no damage. The kobold hits you with a short sword!
* * * LOW HITPOINT WARNING * * *
A shaft appears beneath you!
You fall through a shaft for 2 floors!
The shaft crumbles and collapses.
An adder and a skeleton come into view.
Found 10 gold pieces and a runed dagger.
Unknown command.
It was a potion of might.
You feel very mighty all of a sudden. The adder bites you.
You die...

#......Z..#
#.........#
#.........#
#.........#
#.......$.#
#.........#
#.........#
#...S@....#
###########


You could see an adder and a quokka skeleton.

Vanquished Creatures
  2 dart slugs (D:1)
  A goblin (D:1)
  2 hobgoblins
  6 bats (D:1)
  2 frilled lizards (D:1)
  4 kobolds
  4 rats (D:1)
21 creatures vanquished.

Notes
Turn   | Place    | Note
-------+----------+-------------------------------------------
     0 | D:1      | 4thArraOfDagon the Formicid Warper began the quest for the Orb.
     0 | D:1      | Reached XP level 1. HP: 16/16 MP: 3/3
    61 | D:1      | Reached XP level 2. HP: 5/22 MP: 5/5
   123 | D:1      | Reached skill level 3 in Long Blades
   228 | D:1      | Reached XP level 3. HP: 9/27 MP: 6/6
   326 | D:2      | You fall through a shaft for 2 floors!
   327 | D:4      | Slain by an adder

Vault maps used:
D:1:      roderic_dead_forest
D:2:      serial_bayou, serial_bayou_shore_a, serial_bayou_pond_a,
          serial_bayou_pond_b, serial_bayou_lagoon_a
D:4:      lemuel_coloured_pillars_altar, lemuel_doored_altar,
          chequers_temple_overflow_statue_of_worship,
          minmay_temple_entry_butterflies, first_ration

Skill      XL: |  1  2 |
---------------+-------+-----
Long Blades    | 3 |  3.4
Fighting       | |  2.1
Throwing       | |  1.0
Armour         | |  1.1
Dodging        | |  1.7
Spellcasting   | |  2.1
Translocations | |  2.6

Action                   || total
-------------------------++-------
Melee: Falchion          ||    70
 Abil: Dig               ||     1
       Shaft Self        ||     1
  Use: Potion            ||     2
Armor: Leather armour    ||    40
Dodge: Dodged            ||    68
       Rpst.: Falchion   ||    15

Table legend:
 A = Spawn XP
 B = Non-spawn XP
 C = Spawn XP percentage of total XP
 D = Spawn monster count
 E = Non-spawn monster count
 F = Spawn count percentage of total count
 G = Total turns spent on level
                    A         B        C        D         E        F      G
               +---------+---------+-------+---------+---------+-------+---------
         Total |       0 |      35 |   0.0 |       0 |      21 |   0.0 |   327
               +---------+---------+-------+---------+---------+-------+---------
           D:1 |       0 |      31 |   0.0 |       0 |      19 |   0.0 |   271
           D:2 |       0 |       4 |   0.0 |       0 |       2 |   0.0 |    55
               +---------+---------+-------+---------+---------+-------+---------
